 Dungeon Crawl Stone Soup version 0.25-a0-413-g3b4b6a4ccc (webtiles) character file.

Game seed: 13954891806840125696, levelgen mode: deterministic

315 MisterFreud the Changer (level 6, -3/47 HPs)
             Began as a Draconian Transmuter on Jan 16, 2020.
             Slain by a killer bee (8 damage)
             ... on level 5 of the Dungeon.
             The game lasted 00:06:24 (3144 turns).

MisterFreud the Changer (Draconian Transmuter)      Turns: 3144, Time: 00:06:24

Health: -3/47      AC:  2    Str: 13 (15) XL:     6   Next: 20%
Magic:  7/11       EV: 24    Int: 12 (13) God:
Gold:   121        SH:  0    Dex: 20 (23) Spells: 6/12 levels left

rFire    + . .     SeeInvis .     - Unarmed
rCold    + . .     Gourm    .   (shield currently unavailable)
rNeg     . . .     Faith    .   (armour unavailable)
rPois    .         Spirit   .   (helmet currently unavailable)
rElec    +         Reflect  .   (cloak currently unavailable)
rCorr    +         Harm     .   (gloves currently unavailable)
MR       .....                  (boots currently unavailable)
Stlth    +++.......             (no amulet)
HPRegen  0.15/turn              g - +2 ring of strength
MPRegen  0.12/turn              (no ring)

@: agile, spider-form, resistant
A: tiny, unfitting armour, AC +6
a: End Transformation


You were on level 5 of the Dungeon.
You were near starving.
You were a venomous arachnid creature.
You visited 1 branch of the dungeon, and saw 5 of its levels.

You collected 121 gold pieces.

Inventory:

Missiles
 a - 7 arrows
 b - 191 stones (quivered)
 i - 96 bolts
 q - 9 poisoned darts
Jewellery
 g - a +2 ring of strength (left front leg)
Scrolls
 d - a scroll of enchant armour {unknown}
 e - a scroll of fog {unknown}
 j - 3 scrolls of identify {unknown}
 l - a scroll of magic mapping {unknown}
 n - a scroll of remove curse {unknown}
 p - a scroll of random uselessness {unknown}
 r - 3 scrolls of teleportation {unknown}
 s - a scroll of enchant weapon {unknown}
Potions
 f - a potion of degeneration
 o - 2 potions of flight
Comestibles
 c - 7 rations


   Skills:
 - Level 1.1 Fighting
 - Level 1.7 Dodging
 - Level 3.0 Unarmed Combat
 + Level 3.8 Spellcasting
 * Level 5.5 Transmutations


You had 6 spell levels left.
You knew the following spells:

 Your Spells              Type           Power        Failure   Level  Hunger
a - Beastly Appendage     Tmut           ###...       9%          1    #......
b - Sticks to Snakes      Tmut           ###.....     12%         2    ##.....
c - Spider Form           Tmut/Pois      #.........   43%         3    ###....

Your spell library contained the following spells:

 Spells                   Type           Power        Failure   Level  Hunger
 Blade Hands              Tmut           ###.......   75%         5    ######.
 Ice Form                 Ice/Tmut       #.......     78%         4    #####..


Dungeon Overview and Level Annotations

Branches:
Dungeon (5/15)
 Temple: D:4-7

Altars:
Dithmenos
Kikubaaqudgha
Sif Muna


Innate Abilities, Weirdness & Mutations

((Your plain brown scales are hard. (AC +6)))
You cannot fit into any form of body armour.
((You are cold-blooded and may be slowed by cold attacks.))


Message History

Confirm with . or Enter, or press ? or * to list all spells.
You turn into a venomous arachnid creature.
The killer bee barely misses you. x2; The killer bee closely misses you.
The killer bee stings you!
* * * LOW HITPOINT WARNING * * *
Unknown command.
You closely miss the killer bee. The killer bee closely misses you.
The killer bee stings you.
* * * LOW HITPOINT WARNING * * *
The killer bee closely misses you. x2
It was a potion of agility.
You feel agile all of a sudden. The killer bee completely misses you.
The killer bee misses you. The killer bee closely misses you.
The killer bee misses you.
You barely miss the killer bee.
The killer bee completely misses you. x2
The killer bee barely misses you. The killer bee misses you.
You hit the killer bee.
The killer bee is lightly wounded.
The killer bee completely misses you. The killer bee stings you!
You die...

#######
##.....###
#.........
#...$..#
#yy####...
#.s# #...#
#..$..
#.......
#.#.......
.. #.##..#
## .# ..#
$# .#


You could see 2 killer bees.

Vanquished Creatures
  An ogre (D:4)
  An orc wizard (D:3)
  A bullfrog skeleton (D:4)
  Jessica (D:2)
  Natasha (twice) (D:2)
  A hound skeleton (D:2)
  2 adders
  An ooze (D:3)
  An adder zombie (D:2)
  A dart slug (D:3)
  3 leopard geckos (D:3)
  10 orcs
  4 giant cockroaches
  3 goblins
  6 hobgoblins
  2 jackals (D:3)
  2 quokkas
  A ball python (D:1)
  3 bats (D:3)
  4 frilled lizards
  A giant cockroach zombie (D:2)
  8 kobolds
  5 rats
64 creatures vanquished.

Notes
Turn   | Place    | Note
-------+----------+-------------------------------------------
     0 | D:1      | MisterFreud the Draconian Transmuter began the quest for
                  | the Orb.
     0 | D:1      | Reached XP level 1. HP: 16/16 MP: 3/3
   475 | D:1      | Reached XP level 2. HP: 22/23 MP: 3/5
   800 | D:2      | Learned a level 2 spell: Sticks to Snakes
   896 | D:2      | Reached skill level 3 in Transmutations
  1063 | D:2      | Reached XP level 3. HP: 27/28 MP: 4/6
  1129 | D:2      | Found a shadowy altar of Dithmenos.
  1143 | D:2      | Noticed Jessica
  1151 | D:2      | Killed Jessica
  1151 | D:2      | Reached XP level 4. HP: 34/35 MP: 5/8
  1338 | D:2      | Noticed Natasha
  1353 | D:2      | Killed Natasha
  1353 | D:2      | Reached skill level 4 in Transmutations
  1358 | D:2      | Learned a level 3 spell: Spider Form
  1396 | D:2      | Noticed Natasha
  1406 | D:2      | Killed Natasha
  1441 | D:2      | Found a shimmering blue altar of Sif Muna.
  1933 | D:3      | Reached XP level 5. HP: 37/40 MP: 6/9
  2336 | D:3      | Found an ancient bone altar of Kikubaaqudgha.
  2401 | D:4      | Noticed an ogre
  2414 | D:4      | Killed an ogre
  2414 | D:4      | Reached skill level 5 in Transmutations
  2709 | D:4      | Reached XP level 6. HP: 41/47 MP: 7/11
  2817 | D:3      | HP: 1/47 [orc wizard/+0 dagger (4)]
  3134 | D:5      | Entered Level 5 of the Dungeon
  3144 | D:5      | Slain by a killer bee

Levels and vault maps discovered:
D:1:      dpeg_arrival_snail, layout_basic, minivault_14,
          corexii_leaking_fountain, corner_web_ring,
          chequers_serial_rivers_micro_a, chequers_serial_rivers_micro_d,
          chequers_big_river
D:2:      layout_basic, grunt_dithmenos_smoke_and_mirrors,
          lemuel_blue_sif_altar, serial_undead, serial_undead_f,
          serial_undead_d, serial_undead_f, serial_undead_f, uniq_natasha,
          uniq_jessica
D:3:      lemuel_upstairs_altar, layout_basic, lemuel_doored_altar
D:4:      layout_gridville, serial_shops, shop, uniq_eustachio
D:5:      layout_basic, grunt_temple_overflow_holy_war, first_ration,
          evilmike_ruin_ashenzari

Skill      XL: |  1  2  3  4  5 |
---------------+----------------+-----
Transmutations | 3 4 5 |  5.5
Spellcasting   | 3 |  3.8
Fighting       | |  1.1
Dodging        | |  1.7
Unarmed Combat | |  3.0

Action                   |  1- 3 |  4- 6 || total
-------------------------+-------+-------++-------
Melee: Unarmed           |    61 |   155 ||   216
       Tailslap          |     6 |    11 ||    17
       Headbutt          |     5 |       ||     5
       Kick              |     4 |     1 ||     5
 Cast: Beastly Appendage |    10 |     1 ||    11
       Sticks to Snakes  |     1 |     4 ||     5
       Spider Form       |       |    12 ||    12
 Abil: End Transformatio |       |     1 ||     1
  Use: Potion            |       |     6 ||     6
 Stab: Sleeping          |       |     1 ||     1
  Eat: Chunk             |     1 |     6 ||     7
Armor: Skin              |    22 |    41 ||    63
Dodge: Dodged            |    27 |   121 ||   148

Table legend:
 A = Non-vault XP
 B = Vault XP
 C = Vault XP percentage of total XP
 D = Non-vault monster count
 E = Vault monster count
 F = Vault count percentage of total count
                 A         B        C        D         E       F
            +---------+---------+-------+---------+---------+-------
      Total |     359 |      92 |  20.4 |      59 |       5 |   7.8
            +---------+---------+-------+---------+---------+-------
        D:1 |      13 |       0 |   0.0 |       9 |       0 |   0.0
        D:2 |      66 |      92 |  58.2 |      14 |       5 |  26.3
        D:3 |     108 |       0 |   0.0 |      30 |       0 |   0.0
        D:4 |     172 |       0 |   0.0 |       6 |       0 |   0.0
            +---------+---------+-------+---------+---------+-------
